[ AOE2 MATCH · #506627506 ]
UnrankedItalians vs Bohemians
Player's team · LOSS
[ REPLAY ANALYSIS · EXTRACTED FROM THE RECORDED GAME ]
Feudal
8:50
Castle
22:27
Imperial
39:14
| APM avg | 76.0 |
| APM peak | 115 |
| eAPM avg | 36.0 |
| Villagers / military | 227 / 169 |
Focus
⚔️ 39.2% · 🌾 60.8%
Skirmisher ×71 · Genoese Crossbowman ×47 · Unknown (882) ×40 · Archer ×27 · Mangonel ×9 · Bombard Cannon ×6
Feudal
9:17
Castle
23:47
Imperial
42:29
| APM avg | 57.2 |
| APM peak | 85 |
| eAPM avg | 25.5 |
| Villagers / military | 146 / 157 |
Focus
⚔️ 35.6% · 🌾 64.4%
Archer ×95 · Skirmisher ×41 · Bombard Cannon ×10 · Mangonel ×4 · Militia ×3 · Transport Ship ×2
Match map
Initial resources + every placement click. Lines = walls · curves = elevation contours. ◆ gold · ⬟ stone · ● berries · ✦ relic · ◌ wall gap
Your base· ✓ Closed at 22:27 · 13t walls · no gate
ITA | MarknighT's base· ✓ Closed at 23:47 · 26t walls · 1 gate(s)
Smoothed initial terrain · ◌ = detected wall gap · hover for details
Inputs per minute
— jaumecr25 - - ITA | MarknighT
Build order — jaumecr25
First 150 of 652 actions detected
| 0:00 | Queue | Villager (Male) |
| 0:01 | Build | House |
| 0:04 | Build | House |
| 0:11 | Queue | Villager (Male) |
| 0:11 | Queue | Villager (Male) |
| 0:11 | Queue | Villager (Male) |
| 0:11 | Queue | Villager (Male) |
| 1:30 | Queue | Villager (Male) |
| 1:56 | Queue | Villager (Male) |
| 1:56 | Queue | Villager (Male) |
| 2:04 | Build | Lumber Camp |
| 2:14 | Queue | Villager (Male) |
| 2:14 | Queue | Villager (Male) |
| 2:29 | Queue | Villager (Male) |
| 2:29 | Queue | Villager (Male) |
| 3:08 | Queue | Villager (Male) |
| 3:09 | Queue | Villager (Male) |
| 3:33 | Queue | Villager (Male) |
| 3:34 | Queue | Villager (Male) |
| 3:52 | Build | House |
| 3:53 | Build | House |
| 4:06 | Queue | Villager (Male) |
| 4:45 | Queue | Villager (Male) |
| 4:59 | Queue | Villager (Male) |
| 5:16 | Build | Palisade Wall |
| 5:32 | Build | Barracks |
| 5:44 | Queue | Villager (Male) |
| 6:00 | Build | House |
| 6:10 | Queue | Villager (Male) |
| 6:40 | Research | Feudal Age |
| 6:41 | Research | Feudal Age |
| 7:00 | Queue | Militia |
| 7:01 | Queue | Militia |
| 7:20 | Build | Lumber Camp |
| 7:24 | Queue | Militia |
| 7:33 | Queue | Villager (Male) |
| 7:52 | Queue | Militia |
| 8:02 | Research | Loom |
| 8:50 | Age | Feudal Age |
| 8:54 | Research | Man-at-Arms (upgrade) |
| 8:58 | Build | Archery Range |
| 9:07 | Build | Mill |
| 9:32 | Build | House |
| 9:36 | Queue | Villager (Male) |
| 9:36 | Queue | Villager (Male) |
| 9:36 | Queue | Villager (Male) |
| 9:51 | Build | Mining Camp |
| 10:24 | Queue | Archer |
| 10:27 | Queue | Villager (Male) |
| 10:29 | Build | House |
| 10:33 | Queue | Villager (Male) |
| 11:01 | Queue | Villager (Male) |
| 11:25 | Build | Market |
| 11:27 | Build | House |
| 11:30 | Queue | Archer |
| 11:33 | Queue | Villager (Male) |
| 11:33 | Queue | Villager (Male) |
| 11:37 | Build | Farm |
| 11:38 | Build | Farm |
| 11:40 | Build | Farm |
| 12:13 | Queue | Archer |
| 12:14 | Queue | Villager (Male) |
| 12:37 | Queue | Villager (Male) |
| 12:40 | Build | Blacksmith |
| 12:50 | Queue | Archer |
| 12:50 | Queue | Villager (Male) |
| 13:07 | Queue | Villager (Male) |
| 13:18 | Build | Dock |
| 13:25 | Queue | Villager (Male) |
| 13:30 | Research | Double-Bit Axe |
| 13:41 | Build | Farm |
| 13:42 | Queue | Villager (Male) |
| 13:46 | Queue | Archer |
| 14:13 | Queue | Villager (Male) |
| 14:13 | Queue | Villager (Male) |
| 14:16 | Queue | Transport Ship |
| 14:16 | Queue | Transport Ship |
| 14:36 | Research | Fletching |
| 14:37 | Research | Fletching |
| 14:39 | Queue | Archer |
| 15:09 | Queue | Villager (Male) |
| 15:23 | Queue | Villager (Male) |
| 15:25 | Queue | Archer |
| 15:26 | Queue | Villager (Male) |
| 15:49 | Queue | Archer |
| 15:53 | Queue | Villager (Male) |
| 15:56 | Build | Farm |
| 15:56 | Build | Farm |
| 15:56 | Build | Farm |
| 15:56 | Build | Farm |
| 15:57 | Build | Farm |
| 16:15 | Queue | Villager (Male) |
| 16:17 | Queue | Archer |
| 16:29 | Queue | Skirmisher |
| 16:39 | Build | House |
| 17:08 | Queue | Skirmisher |
| 17:18 | Queue | Villager (Male) |
| 17:19 | Build | House |
| 17:21 | Queue | Skirmisher |
| 17:36 | Queue | Skirmisher |
| 17:39 | Queue | Villager (Male) |
| 17:45 | Queue | Villager (Male) |
| 17:48 | Build | Farm |
| 17:49 | Build | Farm |
| 17:54 | Build | Archery Range |
| 17:56 | Queue | Skirmisher |
| 18:13 | Queue | Skirmisher |
| 18:18 | Queue | Villager (Male) |
| 18:26 | Build | Palisade Wall |
| 18:39 | Research | Padded Archer Armor |
| 18:39 | Research | Padded Archer Armor |
| 18:41 | Queue | Villager (Male) |
| 19:07 | Queue | Skirmisher |
| 19:07 | Queue | Skirmisher |
| 19:11 | Build | House |
| 19:17 | Build | House |
| 19:21 | Research | Town Watch |
| 19:21 | Research | Town Watch |
| 19:47 | Research | Castle Age |
| 19:47 | Research | Castle Age |
| 19:49 | Queue | Skirmisher |
| 19:53 | Build | House |
| 20:01 | Queue | Skirmisher |
| 20:08 | Build | Palisade Wall |
| 20:18 | Queue | Skirmisher |
| 20:20 | Queue | Archer |
| 20:21 | Queue | Archer |
| 20:46 | Queue | Villager (Male) |
| 20:47 | Queue | Archer |
| 20:52 | Build | House |
| 20:54 | Queue | Archer |
| 20:54 | Queue | Archer |
| 21:02 | Build | Farm |
| 21:04 | Research | Horse Collar |
| 21:04 | Research | Horse Collar |
| 21:19 | Queue | Villager (Male) |
| 21:35 | Queue | Skirmisher |
| 21:37 | Queue | Archer |
| 21:40 | Build | House |
| 22:03 | Queue | Skirmisher |
| 22:27 | Age | Castle Age |
| 22:28 | Research | Bodkin Arrow |
| 22:28 | Research | Bodkin Arrow |
| 22:33 | Research | Crossbowman (upgrade) |
| 22:33 | Research | Crossbowman (upgrade) |
| 22:52 | Queue | Villager (Male) |
| 22:54 | Build | House |
| 23:01 | Research | Elite Skirmisher (upgrade) |
| 23:02 | Research | Elite Skirmisher (upgrade) |
| 23:21 | Queue | Villager (Male) |
Build order — ITA | MarknighT
First 150 of 487 actions detected
| 0:00 | Queue | Villager (Male) |
| 0:03 | Build | House |
| 0:04 | Build | House |
| 0:19 | Queue | Villager (Male) |
| 0:19 | Queue | Villager (Male) |
| 0:20 | Queue | Villager (Male) |
| 0:20 | Queue | Villager (Male) |
| 1:41 | Queue | Villager (Male) |
| 1:41 | Queue | Villager (Male) |
| 2:00 | Queue | Villager (Male) |
| 2:02 | Build | Lumber Camp |
| 2:29 | Queue | Villager (Male) |
| 2:51 | Queue | Villager (Male) |
| 3:14 | Queue | Villager (Male) |
| 3:41 | Queue | Villager (Male) |
| 3:41 | Queue | Villager (Male) |
| 4:02 | Queue | Villager (Male) |
| 4:14 | Build | House |
| 4:30 | Queue | Villager (Male) |
| 4:57 | Queue | Villager (Male) |
| 5:05 | Queue | Villager (Male) |
| 5:20 | Queue | Villager (Male) |
| 5:37 | Build | Barracks |
| 6:00 | Queue | Villager (Male) |
| 6:01 | Research | Loom |
| 6:42 | Build | House |
| 7:00 | Build | Mining Camp |
| 7:07 | Research | Feudal Age |
| 7:08 | Research | Feudal Age |
| 7:12 | Build | Palisade Wall |
| 7:41 | Build | House |
| 7:41 | Queue | Militia |
| 8:04 | Queue | Militia |
| 8:21 | Build | Palisade Wall |
| 8:55 | Queue | Militia |
| 9:00 | Build | Mill |
| 9:17 | Age | Feudal Age |
| 9:35 | Queue | Villager (Male) |
| 10:14 | Queue | Villager (Male) |
| 10:17 | Queue | Villager (Male) |
| 10:20 | Queue | Villager (Male) |
| 10:31 | Build | Palisade Gate |
| 10:35 | Build | House |
| 10:36 | Build | House |
| 10:42 | Build | Palisade Wall |
| 11:09 | Build | Archery Range |
| 11:33 | Build | Watch Tower |
| 11:40 | Build | Watch Tower |
| 11:43 | Build | Watch Tower |
| 11:50 | Queue | Villager (Male) |
| 11:50 | Queue | Villager (Male) |
| 12:11 | Queue | Archer |
| 12:12 | Queue | Archer |
| 12:35 | Queue | Villager (Male) |
| 12:35 | Queue | Archer |
| 13:00 | Queue | Villager (Male) |
| 13:06 | Build | Market |
| 13:15 | Queue | Villager (Male) |
| 13:22 | Research | Horse Collar |
| 13:22 | Research | Horse Collar |
| 13:40 | Build | Farm |
| 13:52 | Queue | Archer |
| 13:54 | Queue | Villager (Male) |
| 13:55 | Build | Farm |
| 13:57 | Build | Farm |
| 14:00 | Queue | Villager (Male) |
| 14:16 | Build | Farm |
| 14:23 | Build | Farm |
| 14:48 | Queue | Villager (Male) |
| 14:57 | Build | Stone Wall |
| 14:59 | Build | Stone Wall |
| 15:02 | Build | Stone Wall |
| 15:03 | Queue | Villager (Male) |
| 15:06 | Queue | Archer |
| 15:07 | Queue | Archer |
| 15:13 | Build | Blacksmith |
| 15:33 | Queue | Villager (Male) |
| 15:43 | Build | Archery Range |
| 15:50 | Queue | Villager (Male) |
| 15:57 | Build | Farm |
| 16:08 | Research | Fletching |
| 16:10 | Queue | Archer |
| 16:25 | Queue | Archer |
| 16:32 | Build | Farm |
| 16:33 | Queue | Villager (Male) |
| 16:38 | Build | House |
| 17:15 | Queue | Villager (Male) |
| 17:16 | Queue | Archer |
| 17:17 | Queue | Archer |
| 17:20 | Build | Farm |
| 17:21 | Build | Farm |
| 17:22 | Build | Farm |
| 17:44 | Research | Padded Archer Armor |
| 17:47 | Queue | Archer |
| 17:52 | Queue | Villager (Male) |
| 17:56 | Build | House |
| 18:10 | Queue | Villager (Male) |
| 18:33 | Build | Lumber Camp |
| 18:56 | Build | Palisade Wall |
| 18:57 | Build | Palisade Wall |
| 19:11 | Queue | Villager (Male) |
| 19:13 | Queue | Villager (Male) |
| 19:17 | Build | Farm |
| 19:20 | Queue | Archer |
| 19:20 | Queue | Archer |
| 19:30 | Build | House |
| 19:49 | Build | Mining Camp |
| 20:02 | Queue | Villager (Male) |
| 20:08 | Build | House |
| 20:24 | Build | Dock |
| 20:30 | Build | Stone Wall |
| 20:35 | Queue | Villager (Male) |
| 20:35 | Queue | Archer |
| 20:37 | Queue | Archer |
| 21:07 | Research | Castle Age |
| 21:07 | Research | Castle Age |
| 21:28 | Queue | Transport Ship |
| 21:36 | Queue | Archer |
| 21:51 | Build | Mining Camp |
| 21:58 | Build | Watch Tower |
| 22:00 | Build | House |
| 22:11 | Build | Palisade Wall |
| 22:12 | Build | Palisade Wall |
| 22:13 | Build | Palisade Wall |
| 22:17 | Build | House |
| 22:18 | Build | Palisade Wall |
| 22:18 | Build | Palisade Wall |
| 22:20 | Queue | Villager (Male) |
| 22:37 | Queue | Archer |
| 23:28 | Build | Watch Tower |
| 23:45 | Queue | Archer |
| 23:45 | Queue | Archer |
| 23:47 | Age | Castle Age |
| 23:53 | Research | Crossbowman (upgrade) |
| 23:58 | Research | Bodkin Arrow |
| 23:59 | Research | Bodkin Arrow |
| 24:02 | Queue | Villager (Male) |
| 24:21 | Build | Stone Wall |
| 24:41 | Queue | Villager (Male) |
| 24:49 | Queue | Archer |
| 24:49 | Queue | Archer |
| 24:51 | Queue | Villager (Male) |
| 24:55 | Build | Siege Workshop |
| 25:06 | Queue | Villager (Male) |
| 25:11 | Queue | Villager (Male) |
| 25:16 | Queue | Archer |
| 25:17 | Queue | Archer |
| 25:42 | Queue | Villager (Male) |
| 25:48 | Queue | Mangonel |
| 26:13 | Build | Mining Camp |
Match timeline
| 5:16 | jaumecr25 · wall_segment Palisade Wall x1 |
| 5:32 | jaumecr25 · first_building Barracks |
| 5:37 | ITA | MarknighT · first_building Barracks |
| 7:12 | ITA | MarknighT · wall_segment Palisade Wall x1 |
| 8:21 | ITA | MarknighT · wall_segment Palisade Wall x1 |
| 8:50 | jaumecr25 · age_up feudal |
| 8:58 | jaumecr25 · first_building Archery Range |
| 9:17 | ITA | MarknighT · age_up feudal |
| 10:42 | ITA | MarknighT · wall_segment Palisade Wall x1 |
| 11:09 | ITA | MarknighT · first_building Archery Range |
| 13:18 | jaumecr25 · first_building Dock |
| 14:57 | ITA | MarknighT · wall_segment Stone Wall x3 |
| 14:59 | ITA | MarknighT · wall_segment Stone Wall x1 |
| 15:02 | ITA | MarknighT · wall_segment Stone Wall x11 |
| 18:26 | jaumecr25 · wall_segment Palisade Wall x9 |
| 18:45 | jaumecr25 · first_market_sell 100 wood |
| 18:46 | jaumecr25 · first_market_buy 100 food |
| 18:56 | ITA | MarknighT · wall_segment Palisade Wall x1 |
| 18:57 | ITA | MarknighT · wall_segment Palisade Wall x1 |
| 20:08 | jaumecr25 · wall_segment Palisade Wall x3 |
| 20:24 | ITA | MarknighT · first_building Dock |
| 20:30 | ITA | MarknighT · wall_segment Stone Wall x1 |
| 21:01 | ITA | MarknighT · first_market_buy 100 food |
| 21:02 | ITA | MarknighT · first_market_sell 500 wood |
| 22:11 | ITA | MarknighT · wall_segment Palisade Wall x1 |
| 22:12 | ITA | MarknighT · wall_segment Palisade Wall x1 |
| 22:13 | ITA | MarknighT · wall_segment Palisade Wall x1 |
| 22:18 | ITA | MarknighT · wall_segment Palisade Wall x1 |
| 22:18 | ITA | MarknighT · wall_segment Palisade Wall x1 |
| 22:27 | jaumecr25 · age_up castle |
| 23:47 | ITA | MarknighT · age_up castle |
| 24:12 | jaumecr25 · first_building Siege Workshop |
| 24:21 | ITA | MarknighT · wall_segment Stone Wall x3 |
| 24:55 | ITA | MarknighT · first_building Siege Workshop |
| 33:14 | jaumecr25 · first_building Castle |
| 35:27 | ITA | MarknighT · first_building Castle |
| 39:14 | jaumecr25 · age_up imperial |
| 42:29 | ITA | MarknighT · age_up imperial |
| 45:21 | jaumecr25 · first_building Monastery |
| 54:21 | ITA | MarknighT · first_building Monastery |
| 59:27 | jaumecr25 · resign |
[ AI ANALYSIS · 1 CREDIT ]
What really happened in this match?
Wolo.gg analyzes every decision: build order, eco, micro, common mistakes by bracket. Personalized analysis on WhatsApp or Discord in 30 seconds.
Civ guide
Italians
Perfil
Jugador #10192981